 Dungeon Crawl Stone Soup version 0.27.0-1-g7a089689b8 (webtiles) character file.

Game seed: 4361895075771881486

658 ZombieSheep the Skirmisher (level 7, 0/61 HPs)
             Began as a Ghoul Monk on Aug 1, 2021.
             Slain by a gnoll (3 damage)
             ... on level 6 of the Dungeon.
             The game lasted 00:10:29 (4571 turns).

ZombieSheep the Skirmisher (Ghoul Monk)             Turns: 4571, Time: 00:10:30

Health: 0/61       AC: 10    Str: 15 (16) XL:     7   Next: 55%
Magic:  6/6        EV:  7    Int:  4 (5)  God:
Gold:   97         SH:  0    Dex: 11 (12) Spells: 6/6 levels left

rFire    + . .     SeeInvis .     - Unarmed
rCold    + + .     Faith    .   (no shield)
rNeg     + + +     Spirit   .   d - +0 chain mail
rPois    ∞         Reflect  .   l - +0 helmet
rElec    +         Harm     .   (no cloak)
rCorr    +         Rampage  .   (no gloves)
Will     .....                  (no boots)
Stlth    ..........             (no amulet)
HPRegen  0.00/turn              (no ring)
MPRegen  0.10/turn              (no ring)

@: resistant, inhibited regen
A: claws 1, cold resistance 1, negative energy resistance 3, inhibited
regeneration, torment resistance 2
a: no special abilities


You were on level 6 of the Dungeon.
You visited 1 branch of the dungeon, and saw 5 of its levels.

You collected 97 gold pieces.

Inventory:

Missiles
 e - 2 throwing nets
 g - 13 poisoned darts (quivered)
Armour
 d - a +0 chain mail (worn)
 l - a +0 helmet (worn)
Jewellery
 h - a +6 ring of intelligence
Scrolls
 j - a scroll of identify
 k - a scroll of fear {unknown}
Potions
 a - 3 potions of flight
 b - a potion of lignification
 i - a potion of mutation


   Skills:
 + Level 5.4 Fighting
 + Level 2.5 Throwing
 + Level 2.8 Armour
 + Level 4.2 Dodging
 - Level 2.1 Stealth
 + Level 5.1 Unarmed Combat


You had 6 spell levels left.
You didn't know any spells.
Your spell library contained the following spells:

 Spells                   Type           Power      Damage    Failure   Level
 Foxfire                  Conj/Fire      0%         2x1d4     100%        1
 Conjure Flame            Conj/Fire      0%         6-21      100%        3
 Frozen Ramparts          Ice            0%         1d2       100%        3
 Ignite Poison            Fire/Tmut/Pois 0%         N/A       100%        3
 Inner Flame              Hex/Fire       0%         N/A       100%        3
 Mephitic Cloud           Conj/Pois/Air  0%         N/A       100%        3
 Summon Ice Beast         Ice/Summ       0%         N/A       100%        4
 Bolt of Magma            Conj/Fire/Erth 0%         4d4       100%        5
 Ice Form                 Ice/Tmut       Unusable   N/A       N/A         4

Dungeon Overview and Level Annotations

Branches:
Dungeon (4/15)
 Temple: D:4-7

Altars:
Zin

Annotations:
D:3 1 runed translucent door, RascalDebosk's ghost, weakling MiFi


Innate Abilities, Weirdness & Mutations

You thrive by killing the living.
You are immune to poison.
You have sharp fingernails.
Your flesh is cold resistant. (rC+)
You are immune to negative energy. (rN+++)
You do not regenerate when monsters are visible.
You are immune to unholy pain and torment.


Message History

The gnoll sergeant is almost dead.
The gnoll sergeant hits you but does no damage.
The gnoll closely misses you.
You scratch the gnoll sergeant but do no damage.
The gnoll sergeant is almost dead.
The gnoll hits you from afar with a +0 spear.
The gnoll sergeant hits you but does no damage.
The gnoll hits you with a +0 club.
You claw the gnoll sergeant!
You kill the gnoll sergeant!
You feel better.
The gnoll hits you from afar with a +0 spear.
You claw the gnoll!
The gnoll is severely wounded.
The gnoll hits you from afar with a +0 spear.
The gnoll hits you from afar with a +0 halberd.
* * * LOW HITPOINT WARNING * * *
The gnoll hits you with a +0 club.
* * * LOW HITPOINT WARNING * * *
It was a potion of lignification.
You feel woody for a moment. The gnoll barely misses you.
The gnoll hits you from afar with a +0 spear.
* * * LOW HITPOINT WARNING * * *
The gnoll closely misses you. The gnoll hits you with a +0 club.
* * * LOW HITPOINT WARNING * * *
It was a potion of resistance.
You feel protected.
The gnoll barely misses you. x2; The gnoll hits you but does no damage.
The gnoll hits you with a +0 club.
* * * LOW HITPOINT WARNING * * *
It was a potion of mutation.
You feel extremely strange.
Your body decomposes!
You feel dopey.
Your body decomposes!
You feel weakened.
Your body decomposes!
You feel clumsy. The gnoll hits you but does no damage.
The gnoll barely misses you. The gnoll closely misses you.
The gnoll hits you with a +0 club.
You die...

#...#..).....#...
#...'........#'######
##+#####.....g.gg......#
.........)####'#.......+
..........#....#.......#
..........#....#.......#
.......gg.######.......#
#########g##......####...
#........g@#......# ...
#..........#..>...# ..
#..........#......#
#..........#......#
#...##..####......###
#...##..##.##........
#...##..'...'........#
#.......#...#........#
#.......#...#........#


You could see 4 gnolls.

Vanquished Creatures
  An ogre (D:4)
  A necrophage (D:3)
  A phantom (D:4)
  A gnoll sergeant (D:6)
  3 hounds (D:4)
  A jelly (D:4)
  A centaur skeleton (D:3)
  Robin (D:4)
  4 gnolls (D:3)
  6 adders
  An adder skeleton (D:4)
  4 dart slugs
  11 orcs
  6 ball pythons
  3 endoplasms
  4 giant cockroaches
  12 goblins
  5 hobgoblins
  9 jackals
  7 kobolds
  2 quokkas (D:1)
  5 bats
  4 rats
93 creatures vanquished.

Vanquished Creatures (others)
  5 plants
5 creatures vanquished.

Grand Total: 98 creatures vanquished

Notes
Turn   | Place    | Note
-------+----------+-------------------------------------------
     0 | D:1      | ZombieSheep the Ghoul Monk began the quest for the Orb.
     0 | D:1      | Reached XP level 1. HP: 19/19 MP: 0/0
   380 | D:1      | Reached XP level 2. HP: 23/26 MP: 1/1
   433 | D:1      | Found a faded altar of an unknown god.
   869 | D:1      | Reached XP level 3. HP: 33/33 MP: 2/2
  1119 | D:2      | Reached skill level 1 in Armour
  1318 | D:2      | Reached XP level 4. HP: 40/40 MP: 3/3
  2046 | D:3      | Noticed a necrophage
  2047 | D:3      | Reached XP level 5. HP: 41/47 MP: 4/4
  2093 | D:3      | Killed a necrophage
  2094 | D:3      | Reached skill level 1 in Throwing
  2110 | D:3      | Reached XP level 6. HP: 9/53 MP: 5/5
  2900 | D:3      | Found a runed translucent door.
  2904 | D:3      | Noticed RascalDebosk's ghost (weakling MiFi)
  3317 | D:4      | Reached skill level 5 in Fighting
  4009 | D:4      | Reached XP level 7. HP: 59/61 MP: 6/6
  4048 | D:4      | Noticed Robin
  4070 | D:4      | Killed Robin
  4215 | D:4      | Reached skill level 5 in Unarmed Combat
  4459 | D:4      | You fall into a shaft and drop 2 floors!
  4570 | D:6      | HP: 3/61 [gnoll (2)]
  4571 | D:6      | Slain by a gnoll

Illustrated notes

Levels and vault maps discovered:
D:1:      dpeg_arrival_rooms_c, layout_loops_ring,
          shapermc_ecumenical_altar_starsandcircs, minmay_misc_feat_doors
D:2:      minmay_skewed_foursquare, layout_basic
D:3:      layout_basic, ebering_ghost_reflecting_pool, chequers_big_river
D:4:      layout_loops_ring, zin_scriptorium, serial_forest,
          infiniplex_forest_end_2, infiniplex_forest_clump_small,
          infiniplex_forest_lined_2, infiniplex_forest_end_3,
          infiniplex_forest_straight_2, infiniplex_forest_clump_tiny,
          infiniplex_forest_clump_double, infiniplex_forest_lined_3,
          infiniplex_forest_lined_corner, uniq_robin
D:6:      layout_gridville, tso_altar, nicolae_alphabet_shops,
          minmay_fractal_squares_diagonal_5

Skill      XL: |  1  2  3  4  5  6  7 |
---------------+----------------------+-----
Fighting       | 4 5 |  5.4
Dodging        | 3 4 |  4.2
Armour         | 1 2 |  2.8
Unarmed Combat | 4 5 |  5.1
Throwing       | 1 2 |  2.5
Stealth        | |  2.1

Action                   |  1- 3 |  4- 6 |  7- 9 || total
-------------------------+-------+-------+-------++-------
Melee: Unarmed           |   111 |   157 |    66 ||   334
       Punch             |       |     1 |     1 ||     2
Throw: Dart              |       |       |     2 ||     2
  Use: Scroll            |     1 |     4 |       ||     5
       Potion            |       |       |     3 ||     3
 Stab: Sleeping          |     1 |     2 |       ||     3
Armor: Ring mail         |    39 |    48 |    16 ||   103
       Robe              |     2 |       |       ||     2
       Chain mail        |       |       |    12 ||    12
Dodge: Dodged            |    71 |    84 |    30 ||   185
